 Dungeon Crawl Stone Soup version 0.29-a0-541-gaf1fc19f1b (webtiles) character file.

Game seed: 6177960777393752373

263 Morbidden the Cudgeller (level 6, -2/52 HPs)
             Began as a Meteoran Fighter on June 2, 2022.
             Was an Initiate of Yredelemnul.
             Killed by divine providence
             ... invoked by an orc priest
              (14 damage)
             ... on level 4 of the Dungeon.
             The game lasted 00:02:53 (1604 turns).

Morbidden the Cudgeller (Meteoran Fighter)          Turns: 1604, Time: 00:02:53

Health: -2/52      AC:  7    Str: 19    XL:     6   Next: 71%
Magic:  9/9        EV: 10    Int: 10    God:    Yredelemnul [......]
Gold:   142        SH:  0    Dex: 14    Spells: 7/7 levels left

rFire   + + .      SeeInvis .   q - +7 great mace "Firestarter" {inner flame, rF++}
rCold   + . .      Faith    .   (shield currently unavailable)
rNeg    . . .      Spirit   .   b - +0 scale mail
rPois   .          Reflect  .   (no helmet)
rElec   .          Harm     .   (no cloak)
rCorr   +          Rampage  .   (no gloves)
Will    .....                   (no boots)
Stlth   ..........              (no amulet)
HPRegen 0.17/turn               i - ring of resist corrosion
MPRegen 0.11/turn               j - ring of protection from cold

@: glowing
A: sense surroundings 1, otherworldly, glowing, explore regen
a: Renounce Religion, Recall Undead Harvest


You were on level 4 of the Dungeon.
You worshipped Yredelemnul.
Yredelemnul was noncommittal.
You visited 1 branch of the dungeon, and saw 4 of its levels.

You collected 142 gold pieces.

Inventory:

Hand Weapons
 q - the +7 great mace "Firestarter" (weapon) {inner flame, rF++}
   (You found it on level 3 of the Dungeon)

   It burns those it strikes, dealing additional fire damage.
   It fills those it strikes with an explosive inner flame.
   It grants immunity to clouds of flame.
   rF:        It greatly protects you from fire.
Armour
 b - a +0 scale mail (worn)
Jewellery
 i - a ring of resist corrosion (left hand)
 j - a ring of protection from cold (right hand)
Scrolls
 e - 2 scrolls of fear {unknown}
 f - a scroll of noise {unknown}
 h - 2 scrolls of magic mapping {unknown}
 k - 3 scrolls of teleportation {unknown}
 l - a scroll of fog {unknown}
 n - a scroll of poison {unknown}
 o - a scroll of enchant armour {unknown}
 p - a scroll of amnesia {unknown}
Potions
 d - a potion of might
 g - a potion of brilliance {unknown}
 m - 3 potions of lignification {unknown}


   Skills:
 * Level 4.0 Fighting
 * Level 5.4 Maces & Flails
 + Level 4.4 Armour
 * Level 2.0 Dodging
 + Level 0.1 Stealth
 + Level 4.2 Shields
 * Level 1.4 Spellcasting
 * Level 2.2 Invocations


You had 7 spell levels left.
You didn't know any spells.
Your spell library was empty.

Dungeon Overview and Level Annotations

Branches:
Dungeon (4/15)             Temple (0/1) D:4

Altars:
Gozag
Yredelemnul


Innate Abilities, Weirdness & Mutations

You passively map a small area around you.
You are easily found by Zot.
You glow in the dark.
You regain HP and MP as you explore.


Message History

The endoplasm hits you but does no damage.
An orc comes into view. It is wielding a +0 war axe.
Menkaure shouts, "Why can't you leave me to my rest?"
The orc shouts!
You bludgeon the endoplasm!! You burn the endoplasm.
You kill the endoplasm!
An orc priest comes into view. It is wielding a +0 club.
Unknown command.
You closely miss the orc. You sock the orc! You burn the orc.
You kill the orc!
The orc closely misses you.
The orc hits you from afar with a +0 trident.
Unknown command.
Found 3 gold pieces.
The orc barely misses you. x2
The orc priest calls down the wrath of Beogh upon you.
Beogh smites you!
Unknown command.
You closely miss the orc. The orc barely misses you.
The orc hits you with a +0 trident.
Unknown command.
You hit the orc. You burn the orc.
You kill the orc!
The dead are walking!
The orc hits you but does no damage.
The orc priest mumbles some strange prayers to Beogh against you.
Beogh smites you!
Your Dodging skill increases to level 2!
Unknown command.
You are too injured to fight recklessly!
Unknown command.
You bludgeon Menkaure!! You burn Menkaure.
You destroy Menkaure!
The orc priest mumbles some strange prayers to Beogh against you.
Beogh smites you!
* * * LOW HITPOINT WARNING * * *
The orc barely misses you.
The orc priest mumbles some strange prayers to Beogh against you.
Beogh smites you!
You die...
Your body rises from the dead as a mindless zombie.

* ......###.######
.................#
.######..#.............#
,...#....................
*##......#..........###..
,.......................#
* ....#o..............#
###..)o......#.####.#
..#..Z.@.#............##
*
......).........##......
,
..#...###...#......#####
........................
,
.....####.....#.########
, #....* #.#####..# ,
..$# ....#####.#######
.#. #.#.#..≈§≈......... ,
*, *# ....≈§§≈≈........


You could see an orc priest, an orc and a friendly orc zombie.

Vanquished Creatures
  Grinder (D:4)
  Menkaure (D:4)
  Ijyb (D:3)
  An adder (D:3)
  2 dart slugs
  3 orcs
  3 endoplasms
  2 goblins
  A hobgoblin (D:1)
  2 kobolds (D:1)
  3 ball pythons (D:2)
  6 bats
  A frilled lizard (D:1)
  3 rats
30 creatures vanquished.

Vanquished Creatures (collateral kills)
  A worm (D:3)
  A bat (D:3)
  A frilled lizard (D:3)
3 creatures vanquished.

Grand Total: 33 creatures vanquished

Notes
Turn   | Place    | Note
-------+----------+-------------------------------------------
     0 | D:1      | Morbidden the Meteoran Fighter began the quest for the Orb.
     0 | D:1      | Reached XP level 1. HP: 19/19 MP: 2/2
   260 | D:1      | Reached XP level 2. HP: 25/26 MP: 3/3
   491 | D:1      | Glimpsed the power of Zot.
   541 | D:1      | Glimpsed the power of Zot.
   723 | D:2      | Reached skill level 3 in Maces & Flails
   869 | D:2      | Found a faded altar of an unknown god.
   872 | D:2      | Prayed at the altar of an unknown god.
   872 | D:2      | Became a worshipper of Yredelemnul the Dark
   872 | D:2      | Reached * piety under Yredelemnul
   987 | D:3      | Reached XP level 3. HP: 31/31 MP: 4/4
   998 | D:3      | Noticed Ijyb
  1011 | D:3      | Killed Ijyb
  1012 | D:3      | Reached skill level 1 in Invocations
  1012 | D:3      | Reached XP level 4. HP: 35/40 MP: 5/5
  1015 | D:3      | Reached skill level 1 in Dodging
  1052 | D:3      | Found an opulent altar of Gozag.
  1463 | D:3      | Found the +7 great mace "Firestarter" {inner flame, rF++}
  1540 | D:4      | Found a staircase to the Ecumenical Temple.
  1554 | D:4      | Noticed Grinder
  1559 | D:4      | Paralysed by Grinder for 4 turns
  1565 | D:4      | Paralysed by Grinder for 3 turns
  1576 | D:4      | Paralysed by Grinder for 3 turns
  1580 | D:4      | Killed Grinder
  1581 | D:4      | Reached skill level 5 in Maces & Flails
  1581 | D:4      | Reached skill level 1 in Spellcasting
  1581 | D:4      | Reached XP level 5. HP: 32/46 MP: 5/8
  1581 | D:4      | Reached XP level 6. HP: 36/52 MP: 5/9
  1597 | D:4      | Noticed Menkaure
  1604 | D:4      | Killed Menkaure
  1604 | D:4      | Killed from afar by an orc priest

Illustrated notes

Levels and vault maps discovered:
D:1:      minmay_arrival_shattered_statue, layout_loops_corners
D:2:      layout_basic, hellmonk_ecumenical_altar_inner_sanctum
D:3:      layout_loops_ring, grunt_gozag_breadcrumbs, old_standard_altar,
          uniq_crazy_yiuf_cottage, uniq_ijyb
D:4:      layout_rooms, nicolae_overflow_crystal_walls,
          minmay_temple_entry_mist, uniq_menkaure, uniq_grinder

Skill      XL: |  1  2  3  4  5  6 |
---------------+-------------------+-----
Maces & Flails | 3 5 |  5.4
Shields        | 4 |  4.2
Armour         | 4 |  4.4
Invocations    | 1 2 |  2.2
Dodging        | 1 2 |  2.0
Fighting       | 4 |  4.0
Spellcasting   | 1 |  1.4
Stealth        | |  0.1

Action                   |  1- 3 |  4- 6 || total
-------------------------+-------+-------++-------
Melee: Flail             |    56 |    20 ||    76
       Great mace        |       |    11 ||    11
 Stab: Distracted        |       |     1 ||     1
Armor: Scale mail        |    43 |    16 ||    59
Dodge: Dodged            |    35 |    19 ||    54
Block: Buckler           |    20 |     6 ||    26

Table legend: (Time is in decaauts)
 A = Elapsed time spent in this place.
 B = Non-inter-level travel time spent in this place.
 C = Inter-level travel time spent in this place.
 D = Time resting spent in this place.
 E = Time spent auto-exploring this place.
 F = Levels seen in this place.
 G = Mean time per level.
                   A        B        C        D        E       F      G
               +--------+--------+--------+--------+--------+-----+--------+
         Total |   1628 |   1431 |    197 |    100 |    881 |   4 |  407.0 |
       Dungeon |   1628 |   1431 |    197 |    100 |    881 |   4 |  407.0 |
               +--------+--------+--------+--------+--------+-----+--------+

Top non-repeatable levels by time:
     D:1: 690 daAuts
     D:2: 522 daAuts
     D:3: 324 daAuts
     D:4: 91 daAuts
